 Dungeon Crawl Stone Soup version 0.29-a0-284-gf9362112df (webtiles) character file.

Game seed: 3618911083753338113

40 being54 the Shield-Bearer (level 3, -8/33 HPs)
             Began as a Minotaur Fighter on Mar 21, 2022.
             Mangled by Sigmund
             ... wielding a +0 scythe
              (9 damage)
             ... on level 2 of the Dungeon.
             The game lasted 00:02:00 (829 turns).

being54 the Shield-Bearer (Minotaur Fighter)         Turns: 829, Time: 00:02:01

Health: -8/33      AC:  8    Str: 22    XL:     3   Next: 30%
Magic:  2/2        EV:  9    Int:  5    God:
Gold:   42         SH:  0    Dex:  9    Spells: 2/2 levels left

rFire   . . .      SeeInvis .   a - +0 war axe
rCold   . . .      Faith    .   c - +0 buckler
rNeg    . . .      Spirit   .   b - +0 scale mail
rPois   .          Reflect  .   (helmet restricted)
rElec   .          Harm     .   (no cloak)
rCorr   .          Rampage  .   (no gloves)
Will    .....                   h - +0 pair of boots
Stlth   ..........              (no amulet)
HPRegen 0.11/turn               (no ring)
MPRegen 0.08/turn               (no ring)

@: confused, very slow
A: horns 2, retaliatory headbutt
a: no special abilities


You were on level 2 of the Dungeon.
You visited 1 branch of the dungeon, and saw 2 of its levels.

You collected 42 gold pieces.

Inventory:

Hand Weapons
 a - a +0 war axe (weapon)
Armour
 b - a +0 scale mail (worn)
 c - a +0 buckler (worn)
 h - a +0 pair of boots (worn)
Jewellery
 i - a ring of ice
Scrolls
 j - a scroll of identify
Potions
 d - a potion of might


   Skills:
 + Level 4.0 Fighting
 * Level 3.4 Axes
 + Level 4.0 Armour
 + Level 4.0 Shields


You had 2 spell levels left.
You didn't know any spells.
Your spell library contained the following spells:

 Spells                   Type           Power      Damage    Failure   Level
 Ensorcelled Hibernation  Hex/Ice        0%         N/A       95%         2
 Gell's Gravitas          Tloc           0%         N/A       99%         3
 Spider Form              Tmut/Pois      0%         N/A       99%         3
 Teleport Other           Tloc           0%         N/A       99%         3
 Anguish                  Hex/Necr       0%         N/A       100%        4
 Dispersal                Tloc           0%         N/A       100%        6


Dungeon Overview and Level Annotations

Branches:
Dungeon (2/15)

Altars:

Annotations:
D:2 Sigmund


Innate Abilities, Weirdness & Mutations

You have a pair of horns on your head.
You reflexively headbutt those who attack you in melee.


Message History

You kill the jackal!
Something hits you.
You barely miss the giant cockroach.
The giant cockroach bites you but does no damage.
Something hits you.
The giant cockroach splashes around in the water.
You barely miss the giant cockroach. You block the giant cockroach's attack.
Something hits you.
You barely miss the giant cockroach. The giant cockroach closely misses you.
Something hits you!
The giant cockroach bites you but does no damage.
You are too injured to fight recklessly!
You are too injured to fight recklessly!
You are too injured to fight recklessly!
You are too injured to fight recklessly!
You slash the giant cockroach!
You kill the giant cockroach!
Something hits you but does no damage.
You slash the jackal!
You kill the jackal!
Something hits you.
* * * LOW HITPOINT WARNING * * *
Found a quarterstaff.
Found a stone staircase leading down.
The hobgoblin barely misses you. Something hits you but does no damage.
You block the hobgoblin's attack.
Things that are here:
a jackal corpse; a giant cockroach corpse; a jackal corpse Your unstable footing causes you to fumble your attack.
Something hits you.
* * * LOW HITPOINT WARNING * * *
The hobgoblin hits you but does no damage.
Your unstable footing causes you to fumble your attack.
You block the hobgoblin's attack.
You hear some strange, mumbled words.
You are confused.
Something hits you.
* * * LOW HITPOINT WARNING * * *
Your unstable footing causes you to fumble your attack.
The hobgoblin closely misses you. Something hits you!
You die...

###...####≈≈≈≈≈#.#.#
#...# #≈≈≈≈≈#.#.#
##### ##≈≈≈≈....
#≈≈≈≈#.## #≈≈≈≈≈.#
#≈≈≈≈≈.####
##≈≈≈≈.....
#≈≈≈≈≈###
####≈@≈≈≈####
#..88g≈≈≈≈88.
#......{......
#.............
.....88≈≈≈≈≈88.
####.#...≈≈≈≈..)
#.....≈≈≈≈≈##
###...≈≈≈≈≈#
##>##≈≈≈≈#


You could see a hobgoblin.

Vanquished Creatures
  An adder (D:2)
  A dart slug (D:1)
  2 bats (D:1)
  3 giant cockroaches
  3 goblins
  2 hobgoblins (D:1)
  6 jackals (D:2)
  A ball python (D:1)
  3 frilled lizards
  A kobold (D:1)
  4 rats (D:1)
27 creatures vanquished.

Vanquished Creatures (others)
  A demonic plant (D:1)
  2 fungi (D:1)
  3 plants (D:1)
  A withered plant (D:1)
7 creatures vanquished.

Grand Total: 34 creatures vanquished

Notes
Turn   | Place    | Note
-------+----------+-------------------------------------------
     0 | D:1      | being54 the Minotaur Fighter began the quest for the Orb.
     0 | D:1      | Reached XP level 1. HP: 19/19 MP: 0/0
   253 | D:1      | Reached XP level 2. HP: 27/27 MP: 1/1
   318 | D:1      | Found a faded altar of an unknown god.
   764 | D:2      | Reached XP level 3. HP: 30/33 MP: 2/2
   807 | D:2      | Noticed Sigmund
   828 | D:2      | HP: 1/33 [something (4)]
   829 | D:2      | Mangled by Sigmund

Illustrated notes

Levels and vault maps discovered:
D:1:      dpeg_arrival_long_road, layout_rooms, shapermc_ecumenical_altar_gd,
          minivault_25, minmay_misc_feat_room, minivault_26,
          grunt_decor_junction
D:2:      wander_river, layout_loops_corners, uniq_sigmund

Skill      XL: |  1  2 |
---------------+-------+-----
Axes           | 3 |  3.4
Fighting       | 4 |  4.0
Armour         | 4 |  4.0
Shields        | 4 |  4.0

Action                   || total
-------------------------++-------
Melee: War axe           ||    60
       Headbutt          ||     5
  Use: Scroll            ||     4
Armor: Scale mail        ||    40
Dodge: Dodged            ||    33
Block: Buckler           ||    22

Table legend: (Time is in decaauts)
 A = Elapsed time spent in this place.
 B = Non-inter-level travel time spent in this place.
 C = Inter-level travel time spent in this place.
 D = Time resting spent in this place.
 E = Time spent auto-exploring this place.
 F = Levels seen in this place.
 G = Mean time per level.
                   A        B        C        D        E       F      G
               +--------+--------+--------+--------+--------+-----+--------+
         Total |    860 |    817 |     43 |      0 |    642 |   2 |  430.0 |
       Dungeon |    860 |    817 |     43 |      0 |    642 |   2 |  430.0 |
               +--------+--------+--------+--------+--------+-----+--------+

Top non-repeatable levels by time:
     D:1: 757 daAuts
     D:2: 102 daAuts
